 Dungeon Crawl Stone Soup version 0.19.4-9-g45fd643 (webtiles) character file.

177 Camlann the Changer (level 5, 0/44 HPs)
             Began as an Octopode Transmuter on Feb 19, 2017.
             Killed from afar by an orc wizard (3 damage)
             ... with a magic dart
             ... on level 4 of the Dungeon.
             The game lasted 00:08:51 (2789 turns).

Camlann the Changer (Octopode Transmuter)           Turns: 2789, Time: 00:08:51

Health: 0/44       AC:  6    Str: 10    XL:     5   Next: 57%
Magic:  5/8        EV: 10    Int: 21    God:
Gold:   205        SH:  0    Dex: 17    Spells: 2 memorised, 2 levels left

rFire  x . .     SeeInvis .       - Unarmed
rCold  + + +     Gourm    .     (shield currently unavailable)
rNeg   . . .     Faith    .     (helmet currently unavailable)
rPois  +         Spirit   .     (no amulet)
rElec  .         Reflect  .     g - +5 ring of dexterity
rCorr  .         Harm     .     k - ring of flight
MR     .....                    (no ring)
Stlth  +.........               (no ring)
                                (no ring)
                                (no ring)
                                (no ring)
                                (no ring)

@: confused, brilliant, ice-form
A: almost no armour, stealthy swim, amphibious, 8 rings, (constrict 8),
(camouflage 0), (gelatinous body 0)
a: End Transformation, Evoke Flight


You were on level 4 of the Dungeon.
You were not hungry.
You were a creature of crystalline ice.
You visited 1 branch of the dungeon, and saw 4 of its levels.

You collected 205 gold pieces.

Inventory:

Missiles
 a - 37 arrows (quivered)
Jewellery
 g - a +5 ring of dexterity (left front paw)
 k - a ring of flight (right front paw)
Scrolls
 e - 2 scrolls of recharging
 h - a scroll of teleportation
 q - a scroll of enchant armour
Potions
 j - a potion of flight
 o - a potion of might
 r - a potion of haste
Books
 b - a book of Changes

   Spells                             Type                      Level
   a - Beastly Appendage              Transmutation                1
   b - Sticks to Snakes               Transmutation                2
   c - Spider Form                    Transmutation/Poison         3
   d - Ice Form                       Ice/Transmutation            4
   e - Blade Hands                    Transmutation                5
 p - a book of Minor Magic

   Spells                             Type                      Level
   a - Magic Dart                     Conjuration                  1
   b - Blink                          Translocation                2
   c - Call Imp                       Summoning                    2
   d - Repel Missiles                 Charms/Air                   2
   e - Slow                           Hexes                        2
   f - Conjure Flame                  Conjuration/Fire             3
   g - Mephitic Cloud                 Conjuration/Poison/Air       3
Comestibles
 c - a bread ration
 d - a beef jerky
 f - 3 meat rations
 n - 3 fruits


   Skills:
 + Level 3.7 Fighting
 - Level 2.0 Dodging
 - Level 3.0 Unarmed Combat
 - Level 2.0 Spellcasting
 + Level 4.2 Transmutations


You had 2 spell levels left.
You knew the following spells:

 Your Spells              Type           Power        Failure   Level  Hunger
b - Ice Form              Ice/Tmut       ###.....     11%         4    #####..
c - Sticks to Snakes      Tmut           ####....     1%          2    ##.....


Dungeon Overview and Level Annotations

Branches:
Dungeon (4/15)
 Temple: D:4-7

Altars:

Annotations:
D:3 zegmoder's ghost, amateur DsAK


Innate Abilities, Weirdness & Mutations

You cannot wear most types of armour.
You are very stealthy in the water. (Stealth+)
You are amphibious.
You can wear up to eight rings at the same time.
((You can use your tentacles to constrict eight enemies at once.))
((Your skin changes colour to match your surroundings (Stealth+).))
((Your rubbery body absorbs attacks. (AC +1, EV +1)))


Message History

You miss something. Something hits you but does no damage.
You hear some strange, mumbled words.
A puff of flame appears from out of thin air!
The puff of flame hits you! The fire burns you terribly!
* * * LOW HITPOINT WARNING * * *
You closely miss something.
You hear some strange, mumbled words.
A puff of flame appears from out of thin air!
The puff of flame hits you!
You hear some strange, mumbled words.
You are confused.
You hear some strange, mumbled words.
A puff of frost appears from out of thin air!
The puff of frost hits you! You resist.
* * * LOW HITPOINT WARNING * * *
You bump into the rock wall.
You hear some strange, mumbled words.
A magic dart appears from out of thin air!
The magic dart hits you!
You die...

.. # ###.# #.
.....# #..
###...... #...
#........
#....##o#o.....
#........o.....
#....##)##########
#... #oo.Y.......
#.. ###.########
## #.# #.# #.# #.#
#.# #.# #######.#


You could see an orc wizard and an orc.

Vanquished Creatures
  A hound (D:4)
  2 worker ants (D:4)
  3 adders
  3 worms
  2 dart slugs (D:2)
  A leopard gecko (D:2)
  4 orcs
  2 giant cockroaches (D:3)
  7 goblins
  8 hobgoblins
  3 jackals (D:2)
  4 kobolds
  A quokka (D:3)
  2 ball pythons (D:1)
  9 bats
  2 frilled lizards (D:2)
  7 rats
61 creatures vanquished.

Notes
Turn   | Place    | Note
-------+----------+-------------------------------------------
     0 | D:1      | Camlann the Octopode Transmuter began the quest for the Orb.
     0 | D:1      | Reached XP level 1. HP: 13/13 MP: 3/3
   111 | D:1      | Reached XP level 2. HP: 18/18 MP: 5/5
  1077 | D:2      | Found a faded altar of an unknown god.
  1157 | D:2      | Reached XP level 3. HP: 21/24 MP: 6/6
  1425 | D:2      | Reached skill level 3 in Transmutations
  1686 | D:2      | Learned a level 2 spell: Sticks to Snakes
  2032 | D:3      | Noticed zegmoder's ghost (amateur DsAK)
  2082 | D:3      | Reached XP level 4. HP: 23/30 MP: 7/7
  2105 | D:3      | Learned a level 4 spell: Ice Form
  2627 | D:4      | Reached XP level 5. HP: 27/36 MP: 8/8
  2744 | D:4      | Reached skill level 4 in Transmutations
  2789 | D:4      | Killed from afar by an orc wizard

Skill      XL: |  1  2  3  4  5 |
---------------+----------------+-----
Fighting       | 2 3 |  3.7
Transmutations | 3 4 |  4.2
Dodging        | |  2.0
Unarmed Combat | |  3.0
Spellcasting   | |  2.0

Action                   |  1- 3 |  4- 6 || total
-------------------------+-------+-------++-------
Melee: Unarmed           |    99 |    59 ||   158
       Constrict         |    35 |    12 ||    47
       Tentacles         |    17 |    17 ||    34
       Punch             |     1 |     5 ||     6
 Cast: Ice Form          |       |     1 ||     1
       Sticks to Snakes  |       |     1 ||     1
  Use: Potion            |     1 |     2 ||     3
       Scroll            |    10 |     1 ||    11
 Stab: Sleeping          |     5 |     5 ||    10
       Distracted        |       |     1 ||     1
  Eat: Chunk             |     3 |     3 ||     6
Armor: Skin              |    10 |    12 ||    22
Dodge: Dodged            |    72 |    32 ||   104
